 Dungeon Crawl Stone Soup version 0.30-a0-390-g80c34de65d (webtiles) character file.

Game seed: 2596053178414843094

3534 oldriver the Thaumaturge (level 9, -11/75 HPs)
             Began as a Mummy Necromancer on Dec 5, 2022.
             Was an Initiate of Hepliaklqana.
             Mangled by a six-headed hydra (14 damage)
             ... on level 8 of the Dungeon.
             The game lasted 00:12:08 (7522 turns).

oldriver the Thaumaturge (Mummy Necromancer)        Turns: 7522, Time: 00:12:08

Health: -11/75     AC:  8    Str: 22    XL:     9   Next: 82%
Magic:  23/23      EV: 12    Int: 26    God:    Hepliaklqana [......]
Gold:   513        SH:  0    Dex: 15    Spells: 14/29 levels left

rFire   + . .      SeeInvis .    c - +3 spear of the Eight Quests {elec, Dex+3}
rCold   + . .      Faith    +    (no shield)
rNeg    + + +      Spirit   .    o - +3 leather armour of the Old and Reckless {rF++ Str+4 Int+5}
rPois   ∞          Reflect  .    (no helmet)
rElec   .          Harm     .    (no cloak)
rCorr   .          Rampage  .    (no gloves)
Will    ++...                    k - +1 pair of boots of Sunlight {Will+ Int+3}
Stlth   ++........               a - amulet of regeneration
HPRegen 1.12/turn                h - +6 ring of strength
MPRegen 0.18/turn                (no ring)

@: about to teleport, marked
A: cold resistance 1, negative energy resistance 3, torment resistance 2, heat
vulnerability 1, in touch with death 1, no potions, faith
a: Renounce Religion


You were on level 8 of the Dungeon.
You worshipped Hepliaklqana.
Hepliaklqana was noncommittal.
You visited 2 branches of the dungeon, and saw 9 of its levels.

You collected 513 gold pieces.

Inventory:

Hand Weapons
 c - the +3 spear of the Eight Quests (weapon) {elec, Dex+3}
   (You found it on level 3 of the Dungeon)

   It occasionally discharges a powerful burst of electricity upon striking a
   foe.
   Dex:       It affects your dexterity (+3).
Missiles
 j - 2 throwing nets
Armour
 k - the +1 pair of boots of Sunlight (worn) {Will+ Int+3}
   (You found it on level 3 of the Dungeon)

   Int:       It affects your intelligence (+3).
   Will:      It increases your willpower.
 o - the +3 leather armour of the Old and Reckless (worn) {rF++ Str+4 Int+5}
   (You found it on level 5 of the Dungeon)

   Str:       It affects your strength (+4).
   Int:       It affects your intelligence (+5).
   rF:        It greatly protects you from fire.
Jewellery
 a - an amulet of regeneration (around neck)
 h - a +6 ring of strength (left hand)
Wands
 p - a wand of mindburst (8)
 r - a wand of polymorph (13)
Scrolls
 b - 3 scrolls of brand weapon
 d - 3 scrolls of noise
 e - a scroll of poison
 f - a scroll of teleportation
 g - 2 scrolls of amnesia
 i - 3 scrolls of vulnerability
 l - a scroll of enchant weapon
 n - a scroll of identify
 q - a scroll of immolation


   Skills:
 + Level 8.4 Fighting
 - Level 2.0 Armour
 - Level 2.0 Dodging
 - Level 2.0 Stealth
 + Level 10.5 Spellcasting
 - Level 4.0 Conjurations
 - Level 5.0 Necromancy
 + Level 2.2 Earth Magic


You had 14 spell levels left.
You knew the following spells:

 Your Spells              Type           Power      Damage    Failure   Level
a - Necrotise             Necr           100%       1d9       1%          1
b - Vampiric Draining     Necr           56%        2d10      1%          3
c - Animate Dead          Necr           56%        N/A       6%          4
d - Magic Dart            Conj           100%       1d8       1%          1
e - Stone Arrow           Conj/Erth      58%        3d10      4%          3
f - Passwall              Tmut/Erth      15%        N/A       4%          2
g - Sandblast             Erth           50%        2d12      1%          1

Your spell library contained the following spells:

 Spells                   Type           Power      Damage    Failure   Level
 Cigotuvi's Dreadful Rot  Necr/Pois/Air  66%        N/A       3%          2
 Call Imp                 Summ           13%        N/A       8%          2
 Poisonous Vapours        Pois/Air       26%        N/A       8%          2
 Mephitic Cloud           Conj/Pois/Air  20%        N/A       9%          3
 Ozocubu's Armour         Ice            13%        N/A       16%         3
 Agony                    Necr           56%        N/A       19%         5
 Metabolic Englaciation   Hex/Ice        6%         N/A       80%         5
 Simulacrum               Ice/Necr       20%        N/A       95%         6
 Summon Hydra             Summ           6%         N/A       100%        7
 Sublimation of Blood     Necr           Unusable   N/A       N/A         2
 Wereblood                Tmut           Unusable   N/A       N/A         2

Dungeon Overview and Level Annotations

Branches:
Dungeon (8/15)             Temple (1/1) D:7
   Lair: D:8-11

Altars:
Ashenzari
Cheibriados
Dithmenos
Gozag
Hepliaklqana
Kikubaaqudgha
Makhleb
Nemelex Xobeh
Okawaru
Qazlal
Ru
Sif Muna
Trog
Uskayaw
Vehumet
Wu Jian
Xom
Yredelemnul

Shops:
D:3 !   D:7 !

Annotations:
D:3 2 runed translucent doors, thurberlil's ghost, amateur HuHu


Innate Abilities, Weirdness & Mutations

You are immune to poison.
Your flesh is cold resistant. (rC+)
You are immune to negative energy. (rN+++)
You are immune to unholy pain and torment.
You are vulnerable to heat. (rF-)
You are in touch with the powers of death.
You do not drink.
You have a special connection with the divine. (Faith)


Message History

You hear an angry hiss.
A wight comes into view. It is wielding a +2 dagger.
An ice beast comes into view.
A six-headed hydra comes into view.
A troll and 2 deep elf pyromancers come into view.
A deep elf pyromancer is wielding a +0 short sword and wearing the +1 robe "Doidd" {Will+ Regen+ Dex+2}.
The six-headed hydra bites you!
The six-headed hydra bites you but does no damage. x2
The six-headed hydra bites you!
The six-headed hydra bites you but does no damage.
The six-headed hydra bites you!
Unknown command.
A wolf comes into view.
A water moccasin comes into view.
The six-headed hydra attacks as you move away!
The six-headed hydra bites you! The six-headed hydra bites you. x3
The six-headed hydra bites you but does no damage.
The six-headed hydra closely misses you.
As you read the scroll of teleportation, it crumbles to dust.
You feel strangely unstable.
The six-headed hydra closely misses you.
The six-headed hydra bites you!
* * * LOW HITPOINT WARNING * * *
The six-headed hydra barely misses you. The six-headed hydra bites you.
* * * LOW HITPOINT WARNING * * *
The six-headed hydra bites you but does no damage. x2
The wight hits you but does no damage.
Okay, then.
The wight misses you.
A wight comes into view. It is wielding a +3 halberd.
The wolf bites you.
* * * LOW HITPOINT WARNING * * *
As you read the scroll of torment, it crumbles to dust.
You feel a surge of unholy energy.
The wolf convulses!
The six-headed hydra convulses!
The water moccasin convulses!
The deep elf pyromancer convulses!
The wolf bites you!
* * * LOW HITPOINT WARNING * * *
The six-headed hydra bites you!
* * * LOW HITPOINT WARNING * * *
The six-headed hydra bites you!
You die...

##...###.#....###.........####...
#.#.#####..#.####.....#### #...
#..).....)....# ##...## #..#
##...#####'##.#####.# #..# #..###
o⌠.#e..eT..# #... #)##.##....#.##
## ..## #.8...#._..#e## #..
###))...#....#.D#######
....)...#....#.z@h.#..##
##..8...#._..#S###.....#
#..##.##....#.........#
#...####⌠.⌠.#........##
#....#####'##.###.##z####..
#.............# #.z........
#...#########.# ####Y####.# #####
#.# .# ### .#


You could see a six-headed hydra, a deep elf pyromancer, a water moccasin, a
wolf and 2 wights.

Vanquished Creatures
  Pikel (D:7)
  A cyclops (D:7)
  Sigmund (D:2)
  A steam dragon (D:7)
  Menkaure (D:4)
  2 water moccasins
  Duvessa (D:7)
  2 ice beasts (D:5)
  A black bear (D:6)
  2 sky beasts
  2 ogres
  A centaur (D:8)
  A phantom (D:6)
  4 lemures (D:7)
  A bullfrog (D:7)
  A scorpion (D:5)
  Dowan (D:7)
  4 wights (D:8)
  2 howler monkeys (D:7)
  2 gnoll boudas
  3 jellies
  2 orc priests
  Jessica (D:2)
  6 orc wizards
  Natasha (D:3)
  4 iguanas
  14 gnolls
  5 adders
  A shadow imp (D:6)
  A white imp (D:5)
  2 ufetubi
  5 dart slugs
  18 orcs
  3 endoplasms
  4 giant cockroaches
  7 goblins
  10 hobgoblins
  3 kobolds
  4 quokkas
  4 ball pythons
  3 bats
  4 frilled lizards
137 creatures vanquished.

Vanquished Creatures (collateral kills)
  A rat (D:1)
1 creature vanquished.

Vanquished Creatures (others)
  4 plants (D:8)
4 creatures vanquished.

Grand Total: 142 creatures vanquished

Notes
Turn   | Place    | Note
-------+----------+-------------------------------------------
     0 | D:1      | oldriver the Mummy Necromancer began the quest for the Orb.
     0 | D:1      | Reached XP level 1. HP: 13/13 MP: 4/4
   153 | D:1      | Reached skill level 3 in Spellcasting
   307 | D:1      | Reached skill level 1 in Fighting
   345 | D:1      | Reached XP level 2. HP: 21/21 MP: 1/6
  1321 | D:2      | Gained mutation: You are in touch with the powers of death.
                  | [Mummy growth]
  1321 | D:2      | Reached XP level 3. HP: 21/27 MP: 0/8
  1808 | D:2      | Noticed Sigmund
  1817 | D:2      | Killed Sigmund
  1818 | D:2      | Reached skill level 5 in Spellcasting
  1818 | D:2      | Reached XP level 4. HP: 34/37 MP: 2/11
  1818 | D:2      | Reached XP level 5. HP: 38/42 MP: 2/12
  1895 | D:2      | Noticed Jessica
  1898 | D:2      | Killed Jessica
  2157 | D:3      | Identified the +1 pair of boots of Sunlight {Will+ Int+3}
  2276 | D:3      | Reached XP level 6. HP: 48/48 MP: 9/14
  2440 | D:2      | Learned a level 3 spell: Vampiric Draining
  2445 | D:2      | Learned a level 4 spell: Animate Dead
  2447 | D:2      | Learned a level 1 spell: Magic Dart
  2451 | D:2      | Learned a level 3 spell: Stone Arrow
  2454 | D:2      | Learned a level 2 spell: Passwall
  2526 | D:3      | Identified the +3 spear of the Eight Quests {elec, Dex+3}
  2626 | D:3      | Found Ifaemupt's Distillery.
  2699 | D:3      | Found a runed translucent door.
  2750 | D:3      | Found a runed translucent door.
  2751 | D:3      | Noticed thurberlil's ghost (amateur HuHu)
  2757 | D:3      | Noticed Natasha
  2769 | D:3      | Killed Natasha
  2770 | D:3      | Reached skill level 6 in Spellcasting
  3359 | D:4      | Noticed Menkaure
  3367 | D:4      | Learned a level 1 spell: Sandblast
  3393 | D:4      | Killed Menkaure
  3394 | D:4      | Reached skill level 5 in Fighting
  3394 | D:4      | Reached skill level 7 in Spellcasting
  3394 | D:4      | Reached XP level 7. HP: 56/56 MP: 10/17
  3874 | D:5      | Entered Level 5 of the Dungeon
  3939 | D:5      | Reached skill level 1 in Conjurations
  4027 | D:5      | Identified the +3 leather armour of the Old and Reckless
                  | {rF++ Str+4 Int+5}
  4304 | D:5      | Reached XP level 8. HP: 62/64 MP: 13/19
  4401 | D:5      | Reached skill level 8 in Spellcasting
  4621 | D:5      | Found a shadowy altar of Dithmenos.
  5279 | D:6      | Found a sacrificial altar of Ru.
  5299 | D:6      | Reached skill level 5 in Necromancy
  5353 | D:6      | Found an ancient bone altar of Kikubaaqudgha.
  5556 | D:7      | Noticed Pikel
  5713 | D:7      | Noticed a cyclops
  5771 | D:7      | Noticed Dowan
  5772 | D:7      | Noticed Duvessa
  5791 | D:7      | Killed Duvessa
  5795 | D:7      | Killed Dowan
  5873 | D:7      | Found Calicis's Distillery.
  5884 | D:7      | Reached skill level 9 in Spellcasting
  5953 | D:7      | Killed Pikel
  5954 | D:7      | Reached XP level 9. HP: 65/72 MP: 7/22
  6512 | D:7      | Found a staircase to the Ecumenical Temple.
  6543 | D:7      | Killed a cyclops
  6544 | D:7      | Reached skill level 1 in Armour
  6544 | D:7      | Reached skill level 10 in Spellcasting
  6544 | D:7      | Reached skill level 1 in Earth Magic
  6552 | Temple   | Entered the Ecumenical Temple
  6679 | Temple   | Became a worshipper of Hepliaklqana the Forgotten
  7223 | D:8      | Found a shimmering altar of Xom.
  7479 | D:8      | Found a sparkling altar of Nemelex Xobeh.
  7516 | D:8      | Noticed a six-headed hydra
  7517 | D:8      | Noticed a troll
  7517 | D:8      | Identified the +1 robe "Doidd" {Will+ Regen+ Dex+2}
  7517 | D:8      | Noticed a deep elf pyromancer
  7517 | D:8      | Noticed a deep elf pyromancer
  7522 | D:8      | HP: 3/75 [six-headed hydra (7)]
  7522 | D:8      | Mangled by a six-headed hydra

Illustrated notes

Levels and vault maps discovered:
D:1:      minmay_arrival_shattered_statue, layout_basic, serial_bayou_lagoon_a
D:2:      layout_rooms, uniq_jessica, uniq_sigmund
D:3:      layout_basic, serial_shops, shop, ebering_ghost_sewer_f, uniq_natasha
D:4:      layout_basic, uniq_menkaure
D:5:      layout_rooms, general_overflow_altar
D:6:      layout_rooms, nicolae_ru_sacrificial_ziggurat,
          mainiacjoe_overflow_boulevard, kennysheep_generic_room_3
D:7:      layout_loops_ring, minmay_temple_entry_slanted, serial_shops,
          nicolae_shop_waterfront, uniq_pikel, uniq_duvessa
D:8:      minmay_bloctagon_deflated, layout_loops_corners, jmf_multi_god_temple,
          mainiacjoe_overflow_small_starburst, hellmonk_lair_entry_icy,
          introduction_to_nature_2, uniq_psyche
Temple:   nicolae_temple_two_arcs

Skill      XL: |  1  2  3  4  5  6  7  8  9 |
---------------+----------------------------+-----
Spellcasting   | 3 5 7 9 10 | 10.5
Fighting       | 1 3 4 5 6 7 8 |  8.4
Conjurations   | 2 4 |  4.0
Necromancy     | 5 |  5.0
Armour         | 2 |  2.0
Dodging        | 2 |  2.0
Stealth        | 2 |  2.0
Earth Magic    | 2 |  2.2

Action                   |  1- 3 |  4- 6 |  7- 9 || total
-------------------------+-------+-------+-------++-------
Melee: Unarmed           |    17 |       |       ||    17
       Spear             |       |     4 |   140 ||   144
       Punch             |       |       |     1 ||     1
 Cast: Necrotise         |    70 |    50 |   158 ||   278
       Magic Dart        |       |     6 |    57 ||    63
       Vampiric Draining |       |     4 |    21 ||    25
Evoke: Wand              |       |       |     7 ||     7
  Use: Scroll            |       |     5 |     7 ||    12
Armor: Robe              |     8 |     8 |     8 ||    24
       Leather armour    |       |       |    62 ||    62
Dodge: Dodged            |    30 |     9 |   110 ||   149

Table legend: (Time is in decaauts)
 A = Elapsed time spent in this place.
 B = Non-inter-level travel time spent in this place.
 C = Inter-level travel time spent in this place.
 D = Time resting spent in this place.
 E = Time spent auto-exploring this place.
 F = Levels seen in this place.
 G = Mean time per level.
                   A        B        C        D        E       F      G
               +--------+--------+--------+--------+--------+-----+--------+
         Total |   7548 |   7400 |    148 |    913 |   5163 |   9 |  838.7 |
       Dungeon |   7410 |   7262 |    148 |    913 |   5046 |   8 |  926.2 |
        Temple |    137 |    137 |      0 |      0 |    117 |   1 |  137.0 |
               +--------+--------+--------+--------+--------+-----+--------+

Top non-repeatable levels by time:
     D:1: 1282 daAuts
     D:7: 1226 daAuts
     D:2: 959 daAuts
     D:5: 895 daAuts
     D:4: 877 daAuts
     D:6: 774 daAuts
     D:3: 768 daAuts
     D:8: 627 daAuts
  Temple: 137 daAuts
